 Dungeon Crawl Stone Soup version 0.25-a0-353-ged6d54792d (webtiles) character file.

Game seed: 10299092647126039351, levelgen mode: classic

934 Borgoz the Cudgeler (level 8, 0/48 HPs)
             Began as a Gargoyle Gladiator on Jan 2, 2020.
             Was a Follower of Makhleb.
             Slain by an orc warrior
             ... wielding a +0 glaive
              (15 damage)
             ... on level 6 of the Dungeon.
             The game lasted 00:06:40 (4759 turns).

Borgoz the Cudgeler (Gargoyle Gladiator)            Turns: 4759, Time: 00:06:41

Health: 0/48       AC: 18    Str: 21    XL:     8   Next: 11%
Magic:  8/8        EV:  7    Int:  8    God:    Makhleb [*.....]
Gold:   115        SH:  0    Dex: 11    Spells: 7/7 levels left

rFire    . . .     SeeInvis .   o - +4 flail
rCold    . . .     Gourm    .   (no shield)
rNeg     + . .     Faith    .   s - +0 plate armour
rPois    ∞         Spirit   .   e - +0 helmet
rElec    +         Reflect  .   (no cloak)
rCorr    .         Harm     .   (no gloves)
MR       .....                  (no boots)
Stlth    ..........             (no amulet)
HPRegen  0.16/turn              c - ring of attention (curse)
MPRegen  0.11/turn              (no ring)

@: no status effects
A: negative energy resistance 1, electricity resistance, unbreathing,
petrification resistance, rot immunity, AC +5
a: Renounce Religion


You were on level 6 of the Dungeon.
You worshipped Makhleb.
Makhleb was aware of your devotion.
You were not hungry.

You visited 2 branches of the dungeon, and saw 7 of its levels.

You collected 115 gold pieces.

Inventory:

Hand Weapons
 o - a +4 flail (weapon)
Missiles
 d - 3 throwing nets (quivered)
Armour
 e - a +0 helmet (worn)
 s - a +0 plate armour (worn)
Jewellery
 c - a cursed ring of attention (left hand)
Scrolls
 a - a scroll of enchant armour {unknown}
 h - 2 scrolls of teleportation
 i - 2 scrolls of magic mapping {unknown}
 k - a scroll of fog {unknown}
 m - 2 scrolls of fear {unknown}
 n - 4 scrolls of remove curse {unknown}
 q - 2 scrolls of identify {unknown}
Potions
 j - 2 potions of cancellation
 r - a potion of flight
Comestibles
 b - 2 chunks of flesh
 f - 8 rations


   Skills:
 + Level 4.8 Fighting
 * Level 6.4 Maces & Flails
 - Level 1.7 Throwing
 + Level 4.2 Armour
 + Level 4.1 Dodging


You had 7 spell levels left.
You didn't know any spells.
Your spell library was empty.

Dungeon Overview and Level Annotations

Branches:
Dungeon (6/15)             Temple (1/1) D:5

Altars:
Dithmenos
Fedhas
Makhleb
Xom
Yredelemnul
Zin
The Shining One

Annotations:
D:5 1 runed translucent door, Borgoz's ghost, novice GrGl; Prince Ribbit


Innate Abilities, Weirdness & Mutations

You are resistant to torment.
Your stone body is resilient. (AC +5)
You are immune to poison.
You resist negative energy. (rN+)
You are resistant to electric shocks. (rElec)
You can survive without breathing.
You are immune to petrification.
You are immune to rotting.


Message History

The orc hits you but does no damage.
You hit the orc but do no damage.
The orc is moderately wounded.
The orc hits you but does no damage.
The orc warrior hits you from afar with a +0 glaive.
The orc hits you but does no damage.
You sock the orc!
You kill the orc!
Makhleb accepts your kill. The orc barely misses you.
The orc warrior hits you from afar with a +0 glaive!
You are too injured to fight recklessly!
You are too injured to fight recklessly!
You are too injured to fight recklessly!
You are too injured to fight recklessly!
You sock the orc!
You kill the orc!
Makhleb accepts your kill.
The orc warrior hits you from afar with a +0 glaive!
You die...

#.....$.. #...$.... ..
#........ ... ##........
.... ######...[.......
....##..... #..o..... .
......... #)..[.... ..
#....# ####@)......
...#####..###.....######
...<..#...........#
#...####......# ##..##
##.(...#
##...#####......#
#..#............#
##.#.......#.....#
.#..........#######


You could see an orc warrior.

Vanquished Creatures
  An ice beast (D:5)
  2 scorpions
  3 wights (D:5)
  A howler monkey (D:4)
  2 crimson imps
  An orc priest (D:3)
  2 bullfrog skeletons (D:4)
  A hound (D:6)
  Jessica (D:3)
  5 orc wizards
  2 worker ants
  A hound skeleton (D:4)
  8 adders
  2 oozes
  An adder zombie (D:6)
  A worm (D:2)
  3 dart slugs
  A leopard gecko (D:3)
  12 orcs
  8 bats
  2 giant cockroaches (D:1)
  3 goblins
  9 hobgoblins
  3 jackals (D:3)
  4 quokkas
  2 ball pythons (D:3)
  4 frilled lizards
  A jackal skeleton (D:5)
  8 kobolds
  8 rats
102 creatures vanquished.

Notes
Turn   | Place    | Note
-------+----------+-------------------------------------------
     0 | D:1      | Borgoz the Gargoyle Gladiator began the quest for the Orb.
     0 | D:1      | Reached XP level 1. HP: 12/12 MP: 1/1
   130 | D:1      | Reached XP level 2. HP: 12/18 MP: 2/2
   607 | D:1      | Reached skill level 1 in Armour
   668 | D:1      | Reached XP level 3. HP: 18/22 MP: 3/3
  1443 | D:2      | Found a basalt altar of Yredelemnul.
  1715 | D:2      | Found a shadowy altar of Dithmenos.
  1732 | D:2      | Reached XP level 4. HP: 27/27 MP: 4/4
  1826 | D:2      | You fall into a shaft and drop 2 floors!
  1930 | D:3      | Reached skill level 4 in Maces & Flails
  2006 | D:3      | Found a burning altar of Makhleb.
  2007 | D:3      | Noticed Jessica
  2016 | D:3      | Killed Jessica
  2024 | D:3      | Became a worshipper of Makhleb the Destroyer
  2260 | D:3      | Reached XP level 5. HP: 32/32 MP: 5/5
  2965 | D:3      | Reached XP level 6. HP: 24/37 MP: 6/6
  3113 | D:4      | Reached skill level 5 in Maces & Flails
  3334 | D:4      | Reached * piety under Makhleb
  3393 | D:4      | Reached XP level 7. HP: 37/43 MP: 7/7
  3618 | D:5      | Entered Level 5 of the Dungeon
  3626 | D:5      | Found a runed translucent door.
  3717 | D:5      | Reached skill level 6 in Maces & Flails
  3781 | D:5      | Noticed Borgoz's ghost (novice GrGl)
  3945 | D:5      | Noticed Prince Ribbit
  4157 | D:5      | Found a staircase to the Ecumenical Temple.
  4176 | Temple   | Entered the Ecumenical Temple
  4659 | D:5      | Found a glowing golden altar of the Shining One.
  4691 | D:6      | Reached XP level 8. HP: 48/48 MP: 8/8
  4759 | D:6      | Slain by an orc warrior

Levels and vault maps discovered:
D:1:      dpeg_cavernosity, layout_basic, minivault_11, serial_park_tiny_2
D:2:      layout_rooms, overflow_temple_1_default, overflow_temple_1_default,
          first_ration
D:3:      layout_basic, overflow_temple_1_default, uniq_jessica
D:4:      layout_rooms, hex_large
D:5:      layout_rooms, minmay_temple_entry_hall, ebering_ghost_reflecting_pool,
          serial_bayou_pond_d, nicolae_tso_swordbearing_angel,
          uniq_prince_ribbit1
D:6:      layout_rooms, uniq_blork_the_orc, uniq_crazy_yiuf_cottage
Temple:   cyrus_circular_temple

Skill      XL: |  1  2  3  4  5  6  7 |
---------------+----------------------+-----
Armour         | 1 2 3 4 |  4.2
Maces & Flails | 4 5 6 |  6.4
Fighting       | 3 4 |  4.8
Dodging        | 3 4 |  4.1
Throwing       | |  1.7

Action                   |  1- 3 |  4- 6 |  7- 9 || total
-------------------------+-------+-------+-------++-------
Melee: Flail             |    89 |       |   105 ||   194
       Whip              |    23 |   147 |    49 ||   219
  Use: Potion            |     1 |       |     4 ||     5
       Scroll            |       |       |     2 ||     2
 Stab: Sleeping          |     1 |     3 |       ||     4
  Eat: Chunk             |     3 |     5 |     3 ||    11
       Ration            |       |       |     1 ||     1
Armor: Leather armour    |    54 |    12 |       ||    66
       Ring mail         |       |    42 |       ||    42
       Plate armour      |       |     8 |   115 ||   123
Dodge: Dodged            |    84 |    87 |    59 ||   230

Table legend:
 A = Non-vault XP
 B = Vault XP
 C = Vault XP percentage of total XP
 D = Non-vault monster count
 E = Vault monster count
 F = Vault count percentage of total count
                 A         B        C        D         E       F
            +---------+---------+-------+---------+---------+-------
      Total |    1290 |      45 |   3.4 |      97 |       5 |   4.9
            +---------+---------+-------+---------+---------+-------
        D:1 |      32 |       8 |  20.0 |      17 |       4 |  19.0
        D:2 |      63 |       0 |   0.0 |      17 |       0 |   0.0
        D:3 |     177 |      37 |  17.3 |      25 |       1 |   3.8
        D:4 |     422 |       0 |   0.0 |      14 |       0 |   0.0
        D:5 |     437 |       0 |   0.0 |      16 |       0 |   0.0
        D:6 |     159 |       0 |   0.0 |       8 |       0 |   0.0
            +---------+---------+-------+---------+---------+-------
